 Dungeon Crawl Stone Soup version 0.20.1-1-g8b1a95d (webtiles) character file.

9119 esteth the Impaler (level 11, -7/92 HPs)
             Began as a Merfolk Skald on Oct 16, 2017.
             Was a Follower of Ashenzari.
             Mangled by a black mamba (9 damage)
             ... on level 1 of the Lair of Beasts.
             The game lasted 00:39:17 (12319 turns).

esteth the Impaler (Merfolk Skald)                 Turns: 12319, Time: 00:39:18

Health: -7/92      AC: 13    Str: 13    XL:     11   Next: 41%
Magic:  14/14      EV: 18    Int: 20    God:    Ashenzari [*.....]
Gold:   448        SH:  0    Dex: 18    Spells: 8/14 levels left

rFire    . . .     SeeInvis .   f - +2 spear (venom) (curse)
rCold    . . .     Gourm    +   (no shield)
rNeg     . . .     Faith    .   b - +1 leather armour (curse)
rPois    .         Spirit   .   (no helmet)
rElec    .         Reflect  .   M - +2 cloak (curse)
rCorr    .         Harm     .   m - +0 pair of gloves
MR       .....                  o - +2 pair of boots (curse)
Stlth    ++........             w - amulet of the gourmand
Regen    0.3/turn               n - +2 ring of protection
MPRegen  0.2/turn               j - ring of wizardry

@: brilliant, agile, lethally poisoned (-7 -> -53), hasted, very quick
A: change form in water, swift swim, stealthy swim
a: Curse Item, Scrying, Renounce Religion


You were on level 1 of the Lair of Beasts.
You worshipped Ashenzari.
Ashenzari was aware of your devotion.
You were completely stuffed.

You visited 3 branches of the dungeon, and saw 12 of its levels.

You collected 448 gold pieces.

Inventory:

Hand Weapons
 a - a +0 trident
 f - a cursed +2 spear of venom (weapon)
 L - a +2 halberd
Armour
 b - a cursed +1 leather armour (worn)
 m - a +0 pair of gloves (worn)
 o - a cursed +2 pair of boots (worn)
 q - a +0 helmet
 v - a +0 shield
 M - a cursed +2 cloak (worn)
Jewellery
 j - a ring of wizardry (right hand)
 n - a +2 ring of protection (left hand)
 w - an amulet of the gourmand (around neck)
 D - an uncursed ring of positive energy
 E - an uncursed ring of ice
Wands
 l - a wand of disintegration (0/24)
 y - a wand of random effects (28/48)
Scrolls
 e - 9 scrolls of identify
 k - a scroll of magic mapping
 A - a scroll of recharging
 K - a scroll of fog
Potions
 g - a potion of resistance {unknown}
 h - 2 potions of brilliance
 r - a potion of might {unknown}
 s - a potion of flight {unknown}
 t - a potion of ambrosia {unknown}
 u - a potion of agility
 z - a potion of mutation {unknown}
 C - 2 potions of haste
 F - a potion of lignification {unknown}
 G - a potion of invisibility {unknown}
 H - a potion of degeneration {unknown}
 J - a potion of cancellation {unknown}
Books
 c - a book of Battle

   Spells                             Type                      Level
   a - Infusion                       Charms                       1
   b - Shroud of Golubria             Charms/Translocation         2
   c - Song of Slaying                Charms                       2
   d - Spectral Weapon                Hexes/Charms                 3
   e - Regeneration                   Charms/Necromancy            3
 x - a book of Misfortune

   Spells                             Type                      Level
   a - Confusing Touch                Hexes                        1
   b - Confuse                        Hexes                        3
   c - Gell's Gravitas                Translocation                3
   d - Petrify                        Transmutation/Earth          4
   e - Metabolic Englaciation         Hexes/Ice                    5
   f - Yara's Violent Unravelling     Hexes/Transmutation          5
 I - a book of Conjurations

   Spells                             Type                      Level
   a - Magic Dart                     Conjuration                  1
   b - Searing Ray                    Conjuration                  2
   c - Dazzling Spray                 Conjuration/Hexes            3
   d - Fulminant Prism                Conjuration/Hexes            4
   e - Force Lance                    Conjuration/Translocation    4
   f - Iskenderun's Mystic Blast      Conjuration                  4
Comestibles
 d - 8 bread rations
 i - 7 royal jellies
 p - 3 meat rations
 B - 19 fruits
 N - a chunk of flesh


   Skills:
 + Level 10.9 Fighting
 - Level 17.2 Polearms
 - Level 0.6 Armour
 - Level 2.6 Dodging
 - Level 2.0 Spellcasting
 - Level 4.4 Hexes
 - Level 4.9 Charms
 - Level 2.1 Translocations


You had 8 spell levels left.
You knew the following spells:

 Your Spells              Type           Power        Failure   Level  Hunger
a - Infusion              Chrm           ####         1%          1    #......
b - Shroud of Golubria    Chrm/Tloc      ####......   1%          2    ##.....
c - Spectral Weapon       Hex/Chrm       ####....     1%          3    ###....


Dungeon Overview and Level Annotations

Branches:
Dungeon (10/15)            Temple (1/1) D:6            Lair (1/6) D:8
    Orc: D:9-12

Altars:
Ashenzari
Dithmenos
Elyvilon
Gozag
Hepliaklqana
Makhleb
Nemelex Xobeh
Okawaru
Qazlal
Ru
Sif Muna
Trog
Uskayaw
Vehumet
Xom
Yredelemnul
The Shining One

Shops:
D:4 [   D:6 *


Message History

The black mamba is moderately wounded.
* * * LOW HITPOINT WARNING * * *
You feel sick.
You puncture the black mamba!
The black mamba is moderately wounded.
* * * LOW HITPOINT WARNING * * *
You feel sick. The black mamba barely misses you.
You barely miss the black mamba.
The black mamba is moderately wounded.
* * * LOW HITPOINT WARNING * * *
You feel sick. The black mamba bites you!
* * * LOW HITPOINT WARNING * * *
You are more poisoned.
The black mamba poisons you!
It was a potion of agility.
You feel agile all of a sudden.
* * * LOW HITPOINT WARNING * * *
You feel very sick. The black mamba bites you!
You die...

.##.#..........#
...............## #
........#####...###
.# .........##
.....#..P
.......(..# ......
....>.#...#####.P#
............##..##
..#..####....#...##
#.#### ###.....@.##
..# ###....S.# #.#
#......#..... ..#
..........###...#
..# .......##..#
...# ... #...###
#.... .... ... ...#
#...## .#. ...
##..# ## .. ..#


You could see a black mamba.

Vanquished Creatures
  A hydra (D:8)
  2 two-headed ogres
  Prince Ribbit (D:8)
  Grinder (D:5)
  The ghost of CalmDownMonkey the Poker, an amateur MfSk (D:4)
  2 hippogriffs
  2 dream sheep (D:8)
  Eustachio (D:8)
  7 yaks
  A steam dragon (D:8)
  Menkaure (D:6)
  3 porcupines
  The ghost of dstrtn the Skirmisher, an amateur OgCK of Xom (D:3)
  4 orc warriors
  4 ice beasts
  2 sky beasts
  A black bear (D:8)
  An ogre (D:4)
  2 centaurs
  4 big kobolds
  A crocodile (D:8)
  Blork the orc (D:5)
  3 bullfrogs
  2 gnoll sergeants (D:8)
  A water moccasin zombie (D:6)
  2 wyvern skeletons (D:7)
  7 scorpions
  3 killer bees (D:9)
  A wight (D:8)
  A howler monkey (D:6)
  3 crimson imps
  3 centaur zombies
  A quasit (D:7)
  2 hounds
  9 orc wizards
  2 orc priests
  4 jellies
  Natasha (thrice) (D:4)
  2 iguanas
  11 worker ants
  A hound zombie (D:5)
  A worker ant zombie (D:8)
  4 gnolls (D:8)
  8 adders
  3 shadow imps
  2 adder zombies (D:6)
  An adder skeleton (D:6)
  5 worms
  A dart slug (D:3)
  6 leopard geckos
  32 orcs
  A ball python (D:1)
  3 giant cockroaches
  9 goblins
  6 hobgoblins
  16 jackals
  5 quokkas
  7 bats
  5 frilled lizards
  A giant cockroach zombie (D:5)
  A jackal skeleton (D:7)
  11 kobolds
  A quokka skeleton (D:6)
  A quokka zombie (D:8)
  7 rats
  A spectral orc (D:7)
243 creatures vanquished.

Vanquished Creatures (others)
  10 fungi (D:8)
  3 plants (D:8)
  3 spectral weapons
16 creatures vanquished.

Grand Total: 259 creatures vanquished

Notes
Turn   | Place    | Note
-------+----------+-------------------------------------------
     0 | D:1      | esteth the Merfolk Skald began the quest for the Orb.
     0 | D:1      | Reached XP level 1. HP: 16/16 MP: 3/3
   107 | D:1      | Reached XP level 2. HP: 14/22 MP: 5/5
   111 | D:1      | Learned a level 2 spell: Shroud of Golubria
   740 | D:2      | Reached skill level 1 in Translocations
   833 | D:2      | Reached XP level 3. HP: 27/27 MP: 6/6
  1299 | D:2      | Learned a level 3 spell: Spectral Weapon
  1430 | D:2      | Found a shadowy altar of Dithmenos.
  1545 | D:3      | Noticed dstrtn's ghost (amateur OgCK)
  1554 | D:2      | Reached skill level 1 in Hexes
  1554 | D:2      | Reached XP level 4. HP: 22/33 MP: 7/7
  1997 | D:2      | Reached skill level 4 in Polearms
  1997 | D:2      | Reached XP level 5. HP: 19/38 MP: 8/8
  2545 | D:3      | Found a bloodstained altar of Trog.
  2579 | D:3      | Killed dstrtn's ghost
  2579 | D:3      | Reached skill level 5 in Polearms
  2579 | D:3      | Reached XP level 6. HP: 29/44 MP: 3/9
  3092 | D:3      | Found an iron altar of Okawaru.
  3570 | D:4      | Reached skill level 6 in Polearms
  3575 | D:4      | Noticed CalmDownMonkey's ghost (amateur MfSk)
  3598 | D:4      | Killed CalmDownMonkey's ghost
  3598 | D:4      | Reached XP level 7. HP: 28/50 MP: 0/10
  3880 | D:4      | Found Qeidaa's Antique Armour Boutique.
  3887 | D:4      | Reached skill level 7 in Polearms
  3908 | D:4      | Found a sacrificial altar of Ru.
  3962 | D:4      | Noticed Natasha
  3972 | D:4      | Killed Natasha
  4265 | D:4      | Reached skill level 8 in Polearms
  4357 | D:4      | Reached skill level 9 in Polearms
  4357 | D:4      | Reached XP level 8. HP: 56/56 MP: 11/11
  4433 | D:4      | Noticed Natasha
  4442 | D:4      | Killed Natasha
  4509 | D:4      | Noticed Natasha
  4520 | D:4      | Killed Natasha
  4706 | D:5      | Entered Level 5 of the Dungeon
  4717 | D:5      | Reached skill level 10 in Polearms
  4719 | D:5      | Noticed Blork the orc
  4727 | D:5      | Killed Blork the orc
  5114 | D:5      | Noticed Grinder
  5131 | D:5      | Killed Grinder
  5131 | D:5      | Reached skill level 11 in Polearms
  5219 | D:5      | Found a shimmering altar of Xom.
  5448 | D:5      | Reached skill level 12 in Polearms
  5831 | D:6      | Reached XP level 9. HP: 53/61 MP: 6/12
  5840 | D:6      | Reached skill level 13 in Polearms
  6019 | D:6      | Noticed a two-headed ogre
  6139 | D:6      | Noticed Menkaure
  6155 | D:6      | Killed Menkaure
  6192 | D:6      | Found Saanueg's General Store.
  6323 | D:6      | Found a staircase to the Ecumenical Temple.
  6333 | Temple   | Entered the Ecumenical Temple
  6485 | Temple   | Became a worshipper of Ashenzari the Shackled
  6708 | D:6      | Killed a two-headed ogre
  6708 | D:6      | Reached skill level 15 in Polearms
  7429 | D:7      | Reached skill level 16 in Polearms
  7466 | D:7      | Reached XP level 10. HP: 66/67 MP: 13/13
  8026 | D:7      | Found a basalt altar of Yredelemnul.
  8282 | D:8      | Reached * piety under Ashenzari
  8884 | D:8      | Noticed Prince Ribbit
  8906 | D:8      | Killed Prince Ribbit
  8906 | D:8      | Reached skill level 17 in Polearms
  8911 | D:8      | Reached skill level 5 in Fighting
  9420 | D:8      | Noticed Eustachio
  9438 | D:8      | Killed Eustachio
  9925 | D:8      | Found a staircase to the Lair.
 10201 | D:8      | Noticed a three-headed hydra
 10223 | D:8      | HP: 4/80 [three-headed hydra (8)]
 10224 | D:8      | HP: 1/80 [three-headed hydra (3)]
 10725 | D:8      | Killed a three-headed hydra
 10725 | D:8      | Reached XP level 11. HP: 51/87 MP: 14/14
 11361 | D:9      | Noticed a two-headed ogre
 11394 | D:9      | Killed a two-headed ogre
 11394 | D:9      | Reached skill level 10 in Fighting
 11732 | D:9      | Found a glowing golden altar of the Shining One.
 12164 | D:10     | Entered Level 10 of the Dungeon
 12174 | D:10     | Noticed a two-headed ogre
 12223 | Lair:1   | Entered Level 1 of the Lair of Beasts
 12319 | Lair:1   | HP: 2/92 [poisoned by a black mamba]
 12319 | Lair:1   | Mangled by a black mamba

Skill      XL: |  1  2  3  4  5  6  7  8  9 10 11 |
---------------+----------------------------------+-----
Translocations | 1 2 |  2.1
Hexes          | 1 2 3 4 |  4.4
Polearms       | 4 5 6 9 12 16 17 | 17.2
Charms         | 4 |  4.9
Fighting       | 8 10 | 10.9
Armour         | |  0.6
Dodging        | |  2.6
Spellcasting   | |  2.0

Action                   |  1- 3 |  4- 6 |  7- 9 | 10-12 || total
-------------------------+-------+-------+-------+-------++-------
Melee: Spear             |    99 |   188 |   435 |   548 ||  1270
 Cast: Spectral Weapon   |       |     2 |     5 |     3 ||    10
       Shroud of Golubri |       |     2 |     5 |     1 ||     8
       Infusion          |       |     2 |       |       ||     2
Invok: Curse Item        |       |       |     3 |     1 ||     4
Evoke: Wand              |       |     5 |     4 |     4 ||    13
  Use: Scroll            |       |     4 |    11 |     6 ||    21
       Potion            |       |       |     2 |     6 ||     8
 Stab: Sleeping          |     3 |       |     1 |       ||     4
       Paralysed         |       |       |     1 |       ||     1
       Distracted        |       |       |     2 |       ||     2
  Eat: Chunk             |     2 |    12 |    21 |    16 ||    51
Armor: Leather armour    |    20 |    60 |    96 |    92 ||   268
Dodge: Dodged            |    39 |    84 |   131 |   135 ||   389
